 Dungeon Crawl Stone Soup version 0.18-a0-750-g37044d6 (webtiles) character file.

121 cluie the Chopper (level 4, -9/36 HPs)
             Began as a Demonspawn Berserker on Dec 11, 2015.
             Was a Follower of Trog.
             Killed by divine providence
             ... invoked by an orc priest
              (11 damage)
             ... on level 4 of the Dungeon.
             The game lasted 00:01:22 (212 turns).

cluie the Chopper (Demonspawn Berserker)             Turns: 212, Time: 00:01:23

Health: -9/36      AC:  5    Str: 17    XL:     4   Next: 76%
Magic:  4/4        EV: 12    Int:  8    God:    Trog [*.....]
Gold:   21         SH:  2    Dex: 14    Spells: 0 memorised, 3 levels left

rFire  . . .     SeeInvis .     a - +0 hand axe
rCold  . . .     Clarity  .     e - +0 leather armour
rNeg   . . .     SustAt   .     (no shield)
rPois  .         Gourm    .     (no helmet)
rElec  .         Spirit   .     (no cloak)
rCorr  .         Dismiss  .     (no gloves)
rMut   .         Stasis   .     (no boots)
MR     .....                    (no amulet)
Stlth  +.........               (no ring)
                                (no ring)

@: exhausted, slowed, very slow, not resistant to hostile enchantments, very
unstealthy
A: large bone plates 1
a: Berserk, Burn Spellbooks, Renounce Religion


You were on level 4 of the Dungeon.
You worshipped Trog.
Trog was aware of your devotion.
You were not hungry.

You visited 1 branch of the dungeon, and saw 4 of its levels.

You collected 21 gold pieces.

Inventory:

Hand Weapons
 a - a +0 hand axe (weapon)
Armour
 e - a +0 leather armour (worn)
Scrolls
 f - a scroll of remove curse {unknown}
Potions
 d - a potion of degeneration {unknown}
 g - a potion of heal wounds {unknown}
 h - a potion of haste {unknown}
Comestibles
 b - a meat ration
 c - a bread ration
 i - 4 chunks of flesh


   Skills:
 + Level 3.6 Fighting
 * Level 3.9 Axes
 + Level 2.4 Armour
 + Level 2.4 Dodging


You had 3 spell levels left.
You didn't know any spells.

Dungeon Overview and Level Annotations

Branches:
Dungeon (4/15)
 Temple: D:4-7

Altars:


Innate Abilities, Weirdness & Mutations

You are partially covered in large bone plates (AC +2, SH +2).


Message History

You are exhausted.
You feel yourself slow down.
i - 3 chunks of flesh You see here a ball python skeleton.
You see here a giant newt corpse.
You butcher the giant newt corpse.
i - 4 chunks of flesh (gained 1)
An orc comes into view.
Found a shield.
An orc priest comes into view. It is wielding a trident.
The orc shouts!
The orc priest shouts!
The orc priest invokes the aid of Beogh against you.
Pain shoots through your body!
* * * LOW HITPOINT WARNING * * *
An orc priest comes into view. It is wielding a whip.
Unknown command.
Unknown command.
The orc priest mumbles some strange prayers to Beogh against you.
Something smites you!
You die...

..... . .# ...[..#.##
#........#####
##.#.##........
#.......!...... .
##.............. ..
................ ...
#.##....o...... ....
##.##.#@.o......
.....###..##...##......>.
.......รท......###.........
........).................
...........##.#...........
.#......<.........#.......
#...####..........o.....
...#.####.............#
##...#...#..............#


You could see an orc priest and an orc.

Vanquished Creatures
  An ogre (D:4)
  A giant frog skeleton (D:4)
  A hound skeleton (D:4)
  A giant cockroach (D:2)
  A quokka (D:4)
  A ball python (D:4)
  2 giant newts
8 creatures vanquished.

Notes
Turn   | Place    | Note
--------------------------------------------------------------
     0 | D:1      | cluie the Demonspawn Berserker began the quest for the Orb.
     0 | D:1      | Reached XP level 1. HP: 18/18 MP: 1/1
    90 | D:4      | Gained mutation: You are partially covered in large bone plates (AC +2, SH +2). [demonic ancestry]
    90 | D:4      | Reached XP level 2. HP: 8/24 MP: 2/2
   147 | D:4      | Reached XP level 3. HP: 2/29 MP: 3/3
   176 | D:4      | Noticed an ogre
   193 | D:4      | Killed an ogre
   193 | D:4      | Reached XP level 4. HP: 12/36 MP: 4/4
   209 | D:4      | HP: 1/36 [orc priest/nerve-wracking pain (9)]
   212 | D:4      | Killed from afar by an orc priest

Vault maps used:
D:1:      dpeg_arrival_water_fire
D:2:      kennysheep_goblin_castle, elyvilon_altar_3, lemuel_round_altar,
          minmay_misc_feat_tower, nicolae_ru_great_annihilating_truth
D:4:      first_bread

Action                   |  1- 3 |  4- 6 || total
-------------------------+-------+-------++-------
Melee: Hand axe          |    27 |     2 ||    29
Invok: Berserk           |     2 |       ||     2
  Use: Scroll            |     1 |       ||     1
